 Dungeon Crawl Stone Soup version 0.17-a0-1399-gd5b76e1 (webtiles) character file.

2897 wotan the Grappler (level 9, 0/75 HPs)
             Began as a Ghoul Monk on June 18, 2015.
             Was a Priest of Makhleb.
             Slain by an orc warrior
             ... wielding a +1 long sword of holy wrath
              (23 damage)
             ... on level 6 of the Dungeon.
             The game lasted 00:29:58 (6418 turns).

wotan the Grappler (Ghoul Monk)                     Turns: 6418, Time: 00:29:58

Health: 0/75       AC: 13    Str: 15    XL:     9   Next: 77%
Magic:  11/11      EV: 12    Int:  6    God:    Makhleb [***...]
Gold:   322        SH:  0    Dex: 13    Spells: 0 memorised, 8 levels left

rFire  . . .     SeeInvis .       - Unarmed
rCold  + . .     Clarity  .     m - +3 leather armour {rPois}
rNeg   + + +     SustAt   .     (no shield)
rPois  ∞         Gourm    .     e - +2 hat
rElec  .         Spirit   .     r - +1 cloak
rCorr  +         Warding  .     (no gloves)
rMut   .         Stasis   .     (no boots)
MR     .....                    p - amulet of resist corrosion
Stlth  ++........               s - +2 ring of protection
                                C - +3 ring of slaying

@: rotting, not resistant to hostile enchantments, unstealthy
A: rotting body, claws 1, carnivore 3, cold resistance 1, negative energy
resistance 3, slow healing 1, torment resistance, unbreathing
a: Minor Destruction, Lesser Servant of Makhleb, Renounce Religion


You were on level 6 of the Dungeon.
You worshipped Makhleb.
Makhleb was most pleased with you.
You were not hungry.

You visited 2 branches of the dungeon, and saw 9 of its levels.

You collected 322 gold pieces.

Inventory:

Hand weapons
 a - a +0 blowgun
Missiles
 w - 31 poisoned needles
Armour
 e - a +2 hat (worn)
 m - a +3 leather armour of poison resistance (worn)
 r - a +1 cloak (worn)
Jewellery
 j - a +2 ring of evasion
 o - an uncursed ring of sustain attributes
 p - an amulet of resist corrosion (around neck)
 s - a +2 ring of protection (right claw)
 C - a +3 ring of slaying (left claw)
 D - the ring "Ulenaemm" {Ice rN+ Int+4}
   (You found it on level 6 of the Dungeon)

   [ring of ice]

   It enhances your ice magic, and weakens your fire magic.
   It affects your intelligence (+4).
   It makes you vulnerable to fire.
   It protects you from cold.
   It protects you from negative energy.
 G - an uncursed ring of ice
Magical devices
 q - a wand of digging (10)
Scrolls
 c - a scroll of recharging {unknown}
 d - a scroll of blinking
 g - 3 scrolls of teleportation
 i - a scroll of random uselessness {unknown}
 l - a scroll of fear {unknown}
 n - a scroll of magic mapping
 v - 2 scrolls of enchant armour
 x - a scroll of remove curse
 y - 2 scrolls of amnesia
 B - 2 scrolls of identify
Potions
 f - 3 potions of heal wounds {unknown}
 h - 2 potions of brilliance
 t - 4 potions of magic
 z - a potion of flight {unknown}
 A - a potion of haste {unknown}
 E - a potion of curing {unknown}
Books
 F - a book of Clouds

   Spells                             Type                      Level
   a - Mephitic Cloud                 Conjuration/Poison/Air       3
   b - Conjure Flame                  Conjuration/Fire             3
   c - Poisonous Cloud                Conjuration/Poison/Air       6
   d - Freezing Cloud                 Conjuration/Ice/Air          6
   e - Ring of Flames                 Charms/Fire                  7
Comestibles
 b - 3 meat rations
 k - 7 beef jerkies
 u - a slice of pizza
 H - a royal jelly


   Skills:
 - Level 5.6 Fighting
 - Level 6.9 Armour
 - Level 2.8 Dodging
 - Level 2.1 Stealth
 + Level 10.3 Unarmed Combat
 - Level 5.0 Invocations


You had 8 spell levels left.
You didn't know any spells.

Dungeon Overview and Level Annotations

Branches:
Dungeon (8/15)             Temple (1/1) D:6
   Lair: D:8-11

Altars:
Ashenzari
Cheibriados
Dithmenos
Elyvilon
Fedhas
Gozag
Makhleb
Nemelex Xobeh
Okawaru
Qazlal
Ru
Sif Muna
Trog
Vehumet
Xom
Zin
The Shining One
Lugonu

Shops:
D:6 %(

Annotations:
D:7 Joseph


Innate Abilities, Weirdness & Mutations

Your body is rotting away.
You thrive on raw meat.
You are immune to poison.
You have sharp fingernails.
You are carnivorous and can eat meat at any time.
Your flesh is cold resistant.
You are immune to negative energy.
You heal slowly when monsters are visible.
You are immune to unholy pain and torment.
You can survive without breathing.


Message History

The orc priest utters an invocation to Beogh.
You feel a wave of unholy energy pass over you.
The orc priest's eyes start to glow.
The orc warrior hits you with a long sword of holy wrath!
You convulse!
Found a royal jelly.
Items here: )) [ †† a short sword; a dagger; a robe; an orc corpse; an orc corpse You scratch the orc priest.
The orc priest begins to bleed from its wounds!
The orc priest is heavily wounded.
The orc priest barely misses you.
You claw the orc priest!
You kill the orc priest!
Makhleb accepts your kill.
The orc warrior hits you with a long sword of holy wrath!!
You convulse.
The orc warrior hits you with a long sword of holy wrath!
You convulse!!
You die...

############
########......%...#
.......@o).######.#
.#######.#.######.#
#.#........# #
#.########.### ..
#.########.#.## .##
#.##..........# ..#
#.##.#####.#.####
######..#### ...
#.......
##........... .#..
##...####


You could see an orc warrior.

Vanquished Creatures
  The ghost of Lathuz the Basher, an experienced MiBe of Trog (D:6)
  The ghost of urechis the Fighter, an experienced GrFi (D:5)
  A wyvern (D:8)
  A hippogriff (D:5)
  A water moccasin (D:5)
  A phantom (D:4)
  3 ogres
  2 ice beasts
  A giant frog (D:6)
  A gnoll sergeant (D:6)
  3 scorpions
  A crimson imp (D:5)
  2 centaur zombies
  A giant frog zombie (D:5)
  2 jellies
  Crazy Yiuf (D:2)
  An orc priest (D:6)
  Ijyb (D:2)
  4 hounds
  4 orc wizards
  Natasha (thrice) (D:4)
  2 iguanas
  4 worker ants
  A mummy (D:5)
  7 adders
  15 gnolls
  2 shadow imps
  An adder zombie (D:6)
  4 worms (D:2)
  4 giant geckos
  20 orcs
  12 bats
  2 bat skeletons
  11 hobgoblins
  7 jackals
  17 kobolds
  3 quokkas
  6 giant cockroaches
  7 giant newts
  6 goblins
  3 kobold zombies (D:5)
  An orc zombie (D:5)
  A quokka skeleton (D:5)
  14 rats
186 creatures vanquished.

Notes
Turn   | Place    | Note
--------------------------------------------------------------
     0 | D:1      | wotan the Ghoul Monk began the quest for the Orb.
     0 | D:1      | Reached XP level 1. HP: 19/19 MP: 0/0
   162 | D:1      | Reached XP level 2. HP: 17/26 MP: 1/1
   673 | D:1      | Reached skill level 5 in Unarmed Combat
   796 | D:2      | Noticed Ijyb
   826 | D:2      | Killed Ijyb
   826 | D:2      | Reached XP level 3. HP: 22/30 MP: 2/2
  1007 | D:2      | Reached XP level 4. HP: 22/38 MP: 3/3
  1088 | D:2      | Reached skill level 6 in Unarmed Combat
  1275 | D:2      | Found a shadowy altar of Dithmenos.
  1282 | D:2      | Reached XP level 5. HP: 44/44 MP: 4/4
  1398 | D:2      | Noticed Crazy Yiuf
  1408 | D:2      | Killed Crazy Yiuf
  1524 | D:2      | Found a shattered altar of Ashenzari.
  1967 | D:3      | Found a glowing golden altar of the Shining One.
  1967 | D:3      | Found a sparkling altar of Nemelex Xobeh.
  2012 | D:3      | Found a snail-covered altar of Cheibriados.
  2057 | D:3      | Reached skill level 7 in Unarmed Combat
  2595 | D:4      | Reached skill level 1 in Armour
  2627 | D:4      | Reached XP level 6. HP: 10/50 MP: 5/5
  2793 | D:4      | Noticed Natasha
  2801 | D:4      | Killed Natasha
  3019 | D:4      | Noticed Natasha
  3026 | D:4      | Killed Natasha
  3078 | D:4      | Found a staircase to the Ecumenical Temple.
  3113 | D:4      | Noticed Natasha
  3118 | D:4      | Killed Natasha
  3253 | D:5      | Entered Level 5 of the Dungeon
  3253 | D:5      | Noticed a hippogriff
  3310 | D:5      | Reached XP level 7. HP: 39/56 MP: 6/6
  3401 | D:5      | Noticed a water moccasin
  3528 | D:5      | Reached skill level 5 in Armour
  3629 | D:5      | Noticed urechis's ghost (experienced GrFi)
  3644 | D:5      | Killed a water moccasin
  3726 | D:5      | Found a sacrificial altar of Ru.
  3727 | D:5      | Found a glowing silver altar of Zin.
  3744 | D:5      | Found an opulent altar of Gozag.
  3991 | D:4      | Reached XP level 8. HP: 42/63 MP: 7/7
  4438 | D:6      | Found a shattered altar of Ashenzari.
  4496 | D:6      | Found Tetusuxo's Food Shop.
  4498 | D:6      | Got a flickering marble ring
  4506 | D:6      | Found a staircase to the Ecumenical Temple.
  4522 | Temple   | Entered the Ecumenical Temple
  4556 | Temple   | Became a worshipper of Makhleb the Destroyer
  4556 | Temple   | Acquired Makhleb's first power
  4556 | Temple   | Acquired Makhleb's second power
  4690 | D:6      | Reached skill level 5 in Fighting
  5011 | D:6      | Noticed Lathuz's ghost (experienced MiBe)
  5033 | D:6      | Found Lyezoetz's Antique Weapon Boutique.
  5384 | D:6      | Reached skill level 1 in Invocations
  5580 | D:7      | Acquired Makhleb's third power
  5590 | D:7      | Reached skill level 5 in Invocations
  5590 | D:7      | Reached XP level 9. HP: 75/75 MP: 11/11
  5605 | D:7      | Noticed Joseph
  5683 | D:8      | Identified the ring "Ulenaemm" {Ice rN+ Int+4} (You found it on level 6 of the Dungeon)
  5703 | D:8      | Reached skill level 8 in Unarmed Combat
  6000 | D:5      | Killed urechis's ghost
  6192 | D:5      | Killed a hippogriff
  6192 | D:5      | Reached skill level 9 in Unarmed Combat
  6327 | D:6      | Killed Lathuz's ghost
  6327 | D:6      | Reached skill level 10 in Unarmed Combat
  6418 | D:6      | Slain by an orc warrior

Vault maps used:
D:1:      dpeg_arrival_tiny_c, hangedman_decor_push
D:2:      lemuel_coloured_pillars_altar, small_statue_intersection,
          minmay_fountain_box, grunt_dithmenos_smoke, uniq_iyjb,
          uniq_crazy_yiuf_cottage
D:3:      lemuel_round_altar, gammafunk_temple_overflow_statue,
          kennysheep_another_room
D:4:      minmay_temple_entry_enclosed_plants, first_bread,
          hangedman_decor_points, uniq_natasha
D:5:      minitemple, minmay_mini_ossuary
D:6:      minmay_temple_entry_glassed_door, serial_shops, shop,
          nicolae_shop_statue_plus, basic_altar, minivault_4
D:7:      yredelemnul_forgotten_temple_becter, nicolae_overflow_hidden_temple,
          grunt_ogre_cave, uniq_joseph, uniq_prince_ribbit1
D:8:      david_lair_shrubbed, grunt_ministairs_8, minmay_orc_keep, uniq_grum
Temple:   corrupted_temple

Action                   |  1- 3 |  4- 6 |  7- 9 || total
-------------------------+-------+-------+-------++-------
Melee: Unarmed           |   109 |   191 |   359 ||   659
 Fire: Blowgun           |       |     5 |     4 ||     9
Invok: Lesser Servant of |       |       |     4 ||     4
  Use: Scroll            |     1 |     5 |     5 ||    11
 Stab: Sleeping          |     2 |     5 |     6 ||    13
       Distracted        |       |       |     1 ||     1
  Eat: Chunk             |     5 |    20 |    18 ||    43
